 Dungeon Crawl Stone Soup version 0.31-a0-1338-gb567cfdca4 (webtiles) character file.

Game seed: 4811155780873501866

184 Sobieck the Conjurer (level 5, -2/28 HPs)
             Began as a Deep Elf Conjurer on Dec 22, 2023.
             Incinerated by a bombardier beetle (5 damage)
             ... with a burning spray
             ... on level 3 of the Dungeon.
             The game lasted 00:04:02 (2553 turns).

Sobieck the Conjurer (Deep Elf Conjurer)            Turns: 2553, Time: 00:04:02

Health: -2/28      AC:  2    Str:  4    XL:     5   Next: 36%
Magic:  3/14       EV: 27    Int: 25    God:
Gold:   87         SH:  0    Dex: 13    Spells: 11/14 levels left

rFire   . . .        (no weapon)
rCold   . . .        (no shield)
rNeg    . . .        a - +0 robe
rPois   .            (no helmet)
rElec   .            (no cloak)
rCorr   .            (no gloves)
SInv    .            (no boots)
Will    .....        d - amulet of the acrobat
Stlth   +            (no ring)
HPRegen 0.24/turn    (no ring)
MPRegen 0.14/turn

%: acrobat
@: mighty, on fire, acrobatic, glowing
A: no striking features
a: no special abilities


You were on level 3 of the Dungeon.
You visited 1 branch of the dungeon, and saw 4 of its levels.

You collected 162 gold pieces.
You spent 75 gold pieces at shops.

Inventory:

Armour
 a - a +0 robe (worn)
 q - a +0 pair of boots
Jewellery
 d - an amulet of the acrobat (around neck)
Scrolls
 b - a scroll of blinking
 c - 2 scrolls of enchant weapon {unknown}
 e - 3 scrolls of teleportation {unknown}
 h - 4 scrolls of identify {unknown}
 j - a scroll of enchant armour {unknown}
 k - 4 scrolls of noise {unknown}
 l - a scroll of vulnerability {unknown}
 n - a scroll of revelation {unknown}
Potions
 f - a potion of might
 g - a potion of heal wounds {unknown}
 i - a potion of curing {unknown}
 m - a potion of magic
 o - a potion of ambrosia {unknown}
 p - 2 potions of invisibility {unknown}


   Skills:
 - Level 2.4 Dodging
 - Level 2.4 Stealth
 + Level 5.0 Spellcasting
 + Level 5.5 Conjurations
 + Level 3.6 Hexes


You had 11 spell levels left.
You knew the following spells:

 Your Spells              Type           Power      Damage    Failure   Level
a - Magic Dart            Conj           100%       1d8       1%          1
b - Searing Ray           Conj           68%        2d6       1%          2

Your spell library contained the following spells:

 Spells                   Type           Power      Damage    Failure   Level
 Fulminant Prism          Conj/Alch      10%        3d9       26%         4
 Iskenderun's Mystic Bla  Conj/Tloc      20%        2d6       26%         4


Dungeon Overview and Level Annotations

Branches:
Dungeon (4/15)
 Temple: D:4-7

Altars:
Cheibriados
Okawaru

Shops:
D:2 (   D:3 ***[


Message History

You start resting.
A bombardier beetle comes into view.
Unknown command.
Unknown command.
A bombardier beetle is nearby!
A bombardier beetle is nearby!
The magic dart hits the bombardier beetle.
The bombardier beetle is lightly wounded.
The magic dart hits the bombardier beetle but does no damage.
The bombardier beetle is lightly wounded.
Casting: Magic Dart (safe; 1% risk of failure)
Confirm with . or Enter, or press ? or * to list all spells.
Aiming: Searing Ray (safe; 1% risk of failure)
Press: ? - help, Shift-Dir - straight line, f - you, p - bombardier beetle
Okay, then.
The magic dart hits the bombardier beetle.
The bombardier beetle is moderately wounded.
The magic dart hits the bombardier beetle but does no damage.
The bombardier beetle is moderately wounded.
The magic dart hits the bombardier beetle.
The bombardier beetle is heavily wounded.
The bombardier beetle sprays incendiary fluid at you.
The burning spray hits you.
You are covered in liquid fire!
The magic dart hits the bombardier beetle.
The bombardier beetle is severely wounded.
The liquid fire burns you! The liquid fire burns you!
The bombardier beetle sprays incendiary fluid at you.
The burning spray hits you.
You are even more covered in liquid fire!
You shake off some of the fire as you move.
You climb upwards.
The liquid fire burns you!
There is a stone staircase leading down here.
Unknown command.
You are on fire!
You are on fire!
Unknown command.
You are on fire!
You are on fire!
The liquid fire burns you! The liquid fire burns you!
* * * LOW HITPOINT WARNING * * *
The liquid fire burns you!
* * * LOW HITPOINT WARNING * * *
It was a potion of might.
You feel very mighty all of a sudden. The liquid fire burns you!
You die...

....................##.#
###.#
###.......#.##.......).#
#.#
####......#.##.........#
#.#
..##.>#.#...##.........#
#.#
#..........######.รท.####
#.# ####..#.#..# #...#
#.# ...........# #...#
#.#
##########.#######.###
#.# #......@....#######.#
#########...........#
###.#######.# #.#######.#
#.........# ###########


There were no monsters in sight!

Vanquished Creatures
  A scorpion (D:4)
  A hound (D:4)
  5 adders
  An orc (D:4)
  8 ball pythons
  2 bats (D:2)
  7 endoplasms
  A giant cockroach (D:1)
  2 goblins
  5 hobgoblins
  3 quokkas
  A frilled lizard (D:2)
  6 kobolds
  3 rats (D:3)
46 creatures vanquished.

Notes
Turn   | Place    | Note
-------+----------+-------------------------------------------
     0 | D:1      | Sobieck the Deep Elf Conjurer began the quest for the Orb.
     0 | D:1      | Reached XP level 1. HP: 10/10 MP: 6/6
   238 | D:1      | Reached skill level 1 in Hexes
   318 | D:1      | Reached XP level 2. HP: 15/15 MP: 4/8
   444 | D:1      | Found a faded altar of an unknown god.
   716 | D:2      | Learned a level 2 spell: Searing Ray
   808 | D:2      | Reached XP level 3. HP: 19/19 MP: 6/10
   957 | D:2      | Found a transporter.
   957 | D:2      | Found Gixagg's Weapon Shoppe.
  1012 | D:2      | Found a transporter.
  1324 | D:2      | You fall into a shaft and drop 1 floor!
  1346 | D:3      | Found Wolecot's General Store.
  1347 | D:3      | Found Zatugen's Assorted Antiques.
  1353 | D:3      | Bought a scroll of blinking for 75 gold pieces
  1531 | D:2      | Found a snail-covered altar of Cheibriados.
  1676 | D:3      | Found Zar Hal's Jewellery Boutique.
  1799 | D:3      | Reached XP level 4. HP: 24/24 MP: 7/12
  1939 | D:3      | Found an iron altar of Okawaru.
  2103 | D:3      | Found Poweil's Antique Armour Boutique.
  2250 | D:3      | Found Xazxap's Assorted Antiques.
  2443 | D:4      | Reached skill level 3 in Hexes
  2447 | D:4      | Noticed a scorpion
  2540 | D:4      | Killed a scorpion
  2541 | D:4      | Reached XP level 5. HP: 28/28 MP: 7/14
  2553 | D:3      | Incinerated by a bombardier beetle

Illustrated notes

Levels and vault maps discovered:
D:1:      kennysheep_arrival_forest, layout_rooms,
          ebering_ecumenical_altar_mist, serial_bayou_crossing
D:2:      layout_loops_cross, serial_shops, nicolae_shop_drivethru, basic_altar,
          minivault_19
D:3:      layout_loops_ring, marbit_many_paths, serial_shops,
          nicolae_shop_behind_doors, nicolae_shop_tiny_glass, shop,
          nicolae_shop_window_shopping, shop, hangedman_decor_clover_reticule
D:4:      layout_rooms, minmay_manual_monolith, uniq_crazy_yiuf_cottage

Skill      XL: |  1  2  3  4 |
---------------+-------------+-----
Hexes          | 1 2 3 |  3.6
Spellcasting   | 4 5 |  5.0
Conjurations   | 5 |  5.5
Dodging        | |  2.4
Stealth        | |  2.4

Action                     |  1- 3 |  4- 6 || total
---------------------------+-------+-------++-------
   Cast: Magic Dart        |    67 |    26 ||    93
         Searing Ray       |       |     3 ||     3
    Use: Potion            |       |     1 ||     1
 Armour: Robe              |     3 |       ||     3
  Dodge: Dodged            |     2 |     6 ||     8

Table legend: (Time is in decaauts)
 A = Elapsed time spent in this place.
 B = Non-inter-level travel time spent in this place.
 C = Inter-level travel time spent in this place.
 D = Time resting spent in this place.
 E = Time spent auto-exploring this place.
 F = Levels seen in this place.
 G = Mean time per level.
                   A        B        C        D        E       F      G
               +--------+--------+--------+--------+--------+-----+--------+
         Total |   2561 |   2440 |    121 |     86 |   2102 |   4 |  640.2 |
       Dungeon |   2561 |   2440 |    121 |     86 |   2102 |   4 |  640.2 |
               +--------+--------+--------+--------+--------+-----+--------+

Top non-repeatable levels by time:
     D:3: 945 daAuts
     D:2: 918 daAuts
     D:1: 671 daAuts
     D:4: 26 daAuts
